[Event "*** Titled Tuesday Blitz"]
[Site "Chess.com"]
[Date "2019.10.01"]
[Round "6"]
[White "IvanRadivojevic"]
[Black "yuki_chess123"]
[Result "1-0"]
[WhiteElo "2420"]
[BlackElo "2177"]
[TimeControl "180+2"]
[EndTime "14:26:38 PDT"]
[Termination "IvanRadivojevic won by resignation"]

1. e4 g6 2. d4 Bg7 3. Nc3 c6 4. Be3 d5 5. Qd2 dxe4 6. Nxe4 Nf6 7. Nxf6+ exf6 8. O-O-O O-O 9. Bh6 Be6 10.
Kb1 Bxh6 11. Qxh6 Qd5 12. b3 Qg5 13. Qxg5 fxg5 14. Nf3 Bg4 15. Rd3 Bxf3 16. Rxf3 Nd7 17. h4 g4 18. Re3 Rfe8 19. Bd3 Nf6 20. Rhe1 Rxe3 21. Rxe3 Kf8 22. Kb2 Rd8 23. c3 h5 24.
Re5 Nd5 25. g3 f6 26. Re1 Kf7 27. a3 Rd7 28. c4 Nc7 29. Kc3 f5 30. Bc2 Ne6 31.
Rd1 f4 32. b4 Kf6 33. Be4 g5 34. d5 cxd5 35. hxg5+ Nxg5 36. Bxd5 Ne4+ 37. Bxe4 Rxd1 38. Bxb7 f3 39. c5 Ke7 40. b5 Kd8 41. a4 Rf1 42. a5 Rxf2 43. b6 axb6 44. axb6 Rf1 45. c6 Rc1+ 46. Kd2 f2 47. c7+ Ke7 48. Ba6 Ra1 49.
c8=Q Rxa6 50. Qc7+ Ke6 51. Qc4+ Ke5 52. Qxa6 1-0

[Event "*** Titled Tuesday Blitz"]
[Site "Chess.com"]
[Date "2019.10.01"]
[Round "6"]
[White "Colombiano07"]
[Black "Sjakkerntobi"]
[Result "1/2-1/2"]
[WhiteElo "2199"]
[BlackElo "2042"]
[TimeControl "180+2"]
[EndTime "14:26:38 PDT"]
[Termination "Game drawn - insufficient material"]

1. e4 Nc6 2. Nf3 e6 3. d4 d5 4.
e5 f6 5. Bb5 Bd7 6. O-O fxe5 7.
dxe5 Nh6 8. Bxh6 gxh6 9. c4 Ne7 10. Nc3 Bxb5 11. Nxb5 a6 12. Nbd4 Qd7 13. Qb3 c5 14. Ne2 d4 15. Ng3 Ng6 16. Rfe1 Be7 17. Qd3 O-O 18.
Rad1 Qc6 19. b4 Nf4 20. Qe4 Qxe4 21. Nxe4 b6 22. bxc5 bxc5 23. Rb1 Rab8 24. Red1 Kg7 25.
Ne1 Kg6 26. g3 Nh3+ 27. Kg2 Ng5 28. Nxg5 hxg5 29. Nd3 Kf5 30. h3 h5 31. f3 Rfc8 32. g4+ hxg4 33. hxg4+ Kg6 34. Kg3 Rf8 35. a4 Rfc8 36.
a5 Rf8 37. Rb6 Rxb6 38. axb6 Rb8 39. Rb1 Rb7 40. f4 a5 41. Kf3 a4 42. Ke4 gxf4 43.
Nxf4+ Kf7 44. Ra1 Rxb6 45. Rxa4 Rb3 46. Nd3 Rc3 47. Ra6 Rxc4 48. Nf4 Rc3 49. Nxe6 Re3+ 50. Kf4 Re1 51. g5 Rf1+ 52. Ke4 Re1+ 53. Kf4 Rf1+ 54.
Ke4 Re1+ 55. Kf5 Rf1+ 56. Nf4 d3 57. g6+ Kg7 58. Ra2 c4 59. Ke4 Rxf4+ 60. Kxf4 c3 61.
Ke3 c2 62. Ra1 Bg5+ 63. Kxd3 c1=Q 64. Rxc1 Bxc1 65. e6 Kxg6 66. e7 Kf7 67. e8=Q+ Kxe8 1/2-1/2

[Event "*** Titled Tuesday Blitz"]
[Site "Chess.com"]
[Date "2019.10.01"]
[Round "6"]
[White "ChessLover0108"]
[Black "Alexander_Moskalenko"]
[Result "1-0"]
[WhiteElo "2745"]
[BlackElo "2878"]
[TimeControl "180+2"]
[EndTime "14:26:39 PDT"]
[Termination "ChessLover0108 won by resignation"]

1. d4 d6 2. Nf3 Nf6 3. c4 g6 4.
Nc3 Bg7 5. e4 O-O 6. Be2 Bg4 7.
Be3 Nfd7 8. O-O a6 9. Qd2 Nc6 10. d5 Bxf3 11. Bxf3 Na5 12. Be2 c5 13. Qc2 e5 14. a3 b6 15. Rab1 Rc8 16. Qa4 h5 17. Rbc1 Nf6 18. f3 Kh7 19. Bf2 Bh6 20. Rc2 Qd7 21. b4 Nxc4 22. Bxc4 b5 23. Nxb5 cxb4 24. Qxb4 axb5 25. Bxb5 Qb7 26. Bc6 Qe7 27. Rb2 h4 28.
Bxh4 Be3+ 29. Bf2 Bxf2+ 30. Rfxf2 Nh5 31. g3 f5 32. Qd2 Rc7 33. a4 Kg7 34. a5 Ra7 35.
Rb6 Rc8 36. a6 Rcc7 37. Qb4 Qg5 38. Qxd6 Nxg3 39. Qxe5+ Kh7 40. Qxg3 Qc1+ 41. Rf1 Qe3+ 42. Qf2 Qg5+ 43. Kh1 fxe4 44. fxe4 Qe5 45. Qg2 Rf7 46.
Rxf7+ Rxf7 47. Rb1 Qd4 48. Rg1 Rf6 49. e5 Qxe5 50.
a7 Rf2 51. Qxg6+ 1-0

[Event "*** Titled Tuesday Blitz"]
[Site "Chess.com"]
[Date "2019.10.01"]
[Round "6"]
[White "MikeSailer"]
[Black "aranibos"]
[Result "1-0"]
[WhiteElo "2088"]
[BlackElo "2156"]
[TimeControl "180+2"]
[EndTime "14:26:42 PDT"]
[Termination "MikeSailer won by resignation"]

1. b4 e6 2. Bb2 Nf6 3. b5 a6 4. a4 axb5 5. axb5 Rxa1 6. Bxa1 d5 7.
Nf3 Be7 8. e3 O-O 9. Be2 c6 10.
O-O Bd7 11. bxc6 bxc6 12. c4 Ne4 13. d3 Nd6 14. c5 Nb5 15. d4 f6 16. Qb3 Nc7 17. Bc3 Qc8 18. Nbd2 g5 19. Ra1 Nb5 20.
Bxb5 cxb5 21. Ba5 Qa6 22. Qb2 Nc6 23. Bd8 Qb7 24. Bxe7 Nxe7 25. Nb3 Ra8 26. Ne1 Rxa1 27. Qxa1 Nc6 28. Nd3 b4 29. h3 Kf7 30. Nb2 Qb5 31.
Qb1 Kg7 32. Qd3 Qxd3 33. Nxd3 e5 34. Kf1 Bc8 35. Ke1 Ba6 36. Kd2 Bxd3 37. Kxd3 e4+ 38. Ke2 f5 39. f3 h5 40. fxe4 fxe4 41. Kd2 Kf6 42. Nc1 g4 43. h4 g3 44. Ne2 Na5 45.
Nxg3 Nc4+ 46. Kc2 Nxe3+ 47. Kb3 Nxg2 48. Nxh5+ Ke6 49. Ng3 Nxh4 50. Kxb4 Ng6 51. Kb5 Kd7 52. Kb6 Kc8 53. Kc6 Nf4 54. Nf5 Kd8 55. Ne3 Ng2 56.
Nxg2 Ke7 57. Kxd5 1-0

[Event "*** Titled Tuesday Blitz"]
[Site "Chess.com"]
[Date "2019.10.01"]
[Round "6"]
[White "vova-79"]
[Black "grzechu96"]
[Result "1/2-1/2"]
[WhiteElo "2464"]
[BlackElo "2601"]
[TimeControl "180+2"]
[EndTime "14:26:46 PDT"]
[Termination "Game drawn - insufficient material"]

1. d4 Nf6 2. c4 g6 3. Nf3 Bg7 4.
g3 c6 5. Nc3 d5 6. cxd5 cxd5 7.
Ne5 Ne4 8. Bg2 Nxc3 9. bxc3 Nc6 10. Nxc6 bxc6 11. O-O Qa5 12. Qb3 O-O 13. Bf4 Ba6 14. Rfe1 Rfe8 15. e4 e6 16. Rab1 Rac8 17. Qb4 Qxb4 18.
Rxb4 dxe4 19. Bxe4 c5 20. Ra4 Bb5 21. Rxa7 cxd4 22.
cxd4 Bxd4 23. Rc7 e5 24. Rxc8 Rxc8 25. Be3 Kg7 26. Bxd4 exd4 27. Rd1 Rd8 28. Bd3 Bxd3 29. Rxd3 Kf6 30. Kf1 Ke5 31. a4 Kd5 32. a5 Kc4 33. Ke2 Rd5 34. Ra3 Rd7 35. a6 Ra7 36. Kd2 Kb4 37. Ra1 Kc4 38. Ra4+ Kb5 39. Ra2 Kc4 40.
Ra1 h5 41. h4 f6 42. Rc1+ Kb5 43. Rb1+ Kxa6 44. Ra1+ Kb6 45. Rxa7 Kxa7 46. Kd3 Kb6 47. Kxd4 Kc6 48. Ke4 Kd6 49. Kf4 Kd5 50. f3 Ke6 51. g4 hxg4 52. fxg4 Kf7 53. g5 f5 54. h5 gxh5 55.
Kxf5 Kg7 56. g6 h4 57. Kg4 h3 58. Kxh3 Kxg6 1/2-1/2

[Event "*** Titled Tuesday Blitz"]
[Site "Chess.com"]
[Date "2019.10.01"]
[Round "6"]
[White "kuli4ik"]
[Black "ChessQueen"]
[Result "1-0"]
[WhiteElo "2784"]
[BlackElo "2613"]
[TimeControl "180+2"]
[EndTime "14:27:01 PDT"]
[Termination "kuli4ik won by resignation"]

1. Nf3 d5 2. g3 Nf6 3. Bg2 c6 4. O-O Bf5 5. d3 h6 6. c4 e6 7. cxd5 exd5 8. Qb3 Qb6 9. Qc2 Nbd7 10. e4 dxe4 11.
dxe4 Bh7 12. Nc3 Be7 13. Qe2 Ng4 14. Bf4 g5 15. Bc1 O-O-O 16. h3 Nge5 17. Nxe5 Nxe5 18. Be3 Qa5 19. Rfd1 Kb8 20. a3 Rxd1+ 21. Rxd1 Rd8 22. Rxd8+ Qxd8 23. f4 Nd3 24. Bf1 gxf4 25. gxf4 Nc5 26. Qc4 Ne6 27. Qe2 Bc5 28. Bxc5 Nxc5 29. Qe3 Ne6 30.
f5 Qg5+ 31. Kf2 Nc7 32. Qxg5 hxg5 33. Bc4 f6 34. Kg3 Ne8 35. Kg4 Ng7 36. Ne2 c5 37. Ng3 Kc7 38. Nh5 Ne8 39. Bf7 Nd6 40. Nxf6 Nxf7 41. Nxh7 Kd6 42. Nxg5 Ne5+ 43. Kf4 Nd3+ 44.
Ke3 Nxb2 45. Nf7+ Ke7 46. Ne5 b5 47. Nc6+ Kf6 48. Nxa7 Nc4+ 49. Kf4 b4 50. axb4 cxb4 51. Nb5 b3 52. Nc3 b2 53. h4 Ne5 54. h5 Nf7 55. Nb1 Ne5 56. h6 Nf7 57. h7 Kg7 58. e5 Kxh7 59. e6 Nd6 60. Ke5 Ne8 61. f6 Kg8 62.
f7+ Kf8 63. fxe8=Q+ Kxe8 64. Kf6 Kf8 65. Nc3 1-0

[Event "*** Titled Tuesday Blitz"]
[Site "Chess.com"]
[Date "2019.10.01"]
[Round "6"]
[White "PotapovaM"]
[Black "novocane"]
[Result "0-1"]
[WhiteElo "2415"]
[BlackElo "2310"]
[TimeControl "180+2"]
[EndTime "14:27:05 PDT"]
[Termination "novocane won by resignation"]

1. d4 Nf6 2. c4 e6 3. Nf3 b6 4. g3 Ba6 5. b3 Bb4+ 6. Bd2 Be7 7. Nc3 O-O 8. Bg2 d5 9. cxd5 exd5 10. O-O c5 11. Bf4 Nbd7 12. dxc5 Nxc5 13. Rc1 Re8 14. Bg5 Nce4 15. Bxf6 Bxf6 16. Nxd5 Bxe2 17. Nxf6+ Nxf6 18. Qxd8 Raxd8 19. Rfe1 h6 20. Rc7 Bxf3 21. Rec1 Bxg2 22. Kxg2 Rd2 23. Rxa7 Ree2 24. Rf1 Ng4 25. Kg1 Nxf2 26. Rc1 Nh3+ 27. Kf1 Rxh2 28. Rc8+ Kh7 29. Ke1 Rde2+ 30. Kd1 Ref2 31. Re8 Rxa2 32. Rxa2 Rxa2 33. Rb8 Rg2 34. Rxb6 Rxg3 35. b4 Ng5 36. Rb7 Kg6 37. b5 Ne6 38. b6 Rb3 39. Kc2 Rb5 40. Kc3 h5 41. Kc4 Rb1 42. Rb8 h4 43. b7 h3 44. Kd3 h2 45. Rh8 Rxb7 46. Rxh2 Ng5 47. Ke3 Rb3+ 48. Kf4 Rf3+ 49. Kg4 f5+ 50. Kh4 Rh3+ 51. Rxh3 Nxh3 52.
Kxh3 Kf6 53. Kg3 g5 54. Kf3 f4 55. Kg4 Kg6 56. Kf3 Kf5 57. Kg2 g4 58. Kf2 f3 59.
Kg3 Kg5 60. Kf2 Kf4 61. Kg1 g3 62. Kf1 Ke3 63. Kg1 Ke2 64. Kh1 f2 65. Kg2 f1=Q+ 66.
Kxg3 0-1

[Event "*** Titled Tuesday Blitz"]
[Site "Chess.com"]
[Date "2019.10.01"]
[Round "6"]
[White "Dr-Bassem"]
[Black "M1711"]
[Result "1-0"]
[WhiteElo "2801"]
[BlackElo "2539"]
[TimeControl "180+2"]
[EndTime "14:27:06 PDT"]
[Termination "Dr-Bassem won by resignation"]

1. e4 e5 2. Nf3 Nc6 3. Bc4 Bc5 4.
c3 Nf6 5. d3 d6 6. O-O a6 7. Bb3 Ba7 8. Re1 h6 9. Nbd2 O-O 10. Nf1 Re8 11. Ng3 Be6 12. Bc2 d5 13. exd5 Bxd5 14. h3 Qd6 15. Nh4 Ne7 16. Ne4 Bxe4 17.
dxe4 Qxd1 18. Rxd1 Rad8 19. Rxd8 Rxd8 20. Kf1 Kh7 21. Ke2 Nc8 22. Nf3 Re8 23. a4 Nd6 24.
Nd2 Nh5 25. g3 g6 26. b4 Nf6 27. Ba3 Rc8 28. Bd3 c5 29. b5 c4 30. Bc2 Bc5 31.
Bxc5 Rxc5 32. bxa6 bxa6 33. Rb1 Nd7 34. Nf1 Kg7 35.
Ne3 Rc6 36. Nd5 a5 37. f4 Rc8 38. Rd1 exf4 39. gxf4 Nc5 40. e5 Ne8 41. Ke3 Nc7 42.
Nxc7 Rxc7 43. Rd5 Ne6 44. Rxa5 g5 45. f5 Nf8 46. f6+ Kg8 47. Ra8 Rc5 48. Kd4 Rc7 49. Bf5 h5 50. a5 Rb7 51. a6 Rb2 52. a7 Ra2 53. Be4 g4 54. hxg4 hxg4 55. Rxf8+ Kxf8 56. a8=Q+ Rxa8 57. Bxa8 1-0

[Event "*** Titled Tuesday Blitz"]
[Site "Chess.com"]
[Date "2019.10.01"]
[Round "6"]
[White "kingofthenil"]
[Black "VincentKeymer"]
[Result "0-1"]
[WhiteElo "2561"]
[BlackElo "2787"]
[TimeControl "180+2"]
[EndTime "14:27:10 PDT"]
[Termination "VincentKeymer won by resignation"]

1. e4 c5 2. d3 g6 3. g3 Bg7 4. Bg2 Nc6 5. f4 e6 6. Nf3 Nge7 7.
O-O d6 8. c3 e5 9. Be3 O-O 10.
fxe5 Nxe5 11. Nxe5 Bxe5 12. d4 cxd4 13. cxd4 Bg7 14. Nc3 Nc6 15. Qd2 Bd7 16. Nd5 Be6 17. Nc3 Bd7 18. Kh1 Qa5 19. Rad1 Rae8 20. Qf2 f5 21. exf5 Bxf5 22. Qd2 Kh8 23. Bh6 Qc7 24. Nd5 Qd7 25. Bxg7+ Kxg7 26. Rde1 Bh3 27. Rxf8 Rxe1+ 28. Qxe1 Bxg2+ 29. Kxg2 Kxf8 30. Qe4 Qf5 31. Nc3 Qxe4+ 32. Nxe4 Ke7 33. Ng5 Nxd4 34. Nxh7 Ne6 35. h4 Kf7 36. Kf3 Kg7 37. Ng5 Nxg5+ 38. hxg5 Kf7 39. Kf4 Ke6 40. Ke4 d5+ 41. Kf4 Kd6 42.
b4 b5 43. g4 Ke6 44. Kf3 Ke5 45. Ke3 d4+ 46. Kd3 Kd5 47. a3 Ke5 48. Kd2 Ke4 49. Ke2 d3+ 50. Kd2 Kd4 51. Kd1 Kc3 52. Kc1 Kb3 53.
Kd2 Kxa3 54. Kxd3 Kxb4 55. Ke4 a5 56. Ke5 a4 57. Kf6 a3 58. Kxg6 a2 59. Kh7 a1=Q 60.
g6 Qh1+ 61. Kg8 Qg2 62. g7 Qxg4 63. Kf7 Qf5+ 64. Ke8 Qg6+ 65. Kf8 Qf6+ 66. Ke8 Qxg7 0-1

[Event "*** Titled Tuesday Blitz"]
[Site "Chess.com"]
[Date "2019.10.01"]
[Round "6"]
[White "ChessWarrior7197"]
[Black "bascheyaro"]
[Result "1/2-1/2"]
[WhiteElo "2912"]
[BlackElo "2763"]
[TimeControl "180+2"]
[EndTime "14:27:12 PDT"]
[Termination "Game drawn by repetition"]

1. d4 Nf6 2. c4 e6 3. Nc3 d5 4.
cxd5 exd5 5. Bg5 c6 6. e3 Be7 7. Bd3 O-O 8. Nge2 Re8 9. Qc2 Nbd7 10. O-O Nf8 11. f3 a6 12. Rae1 Bd7 13. e4 dxe4 14. fxe4 Be6 15. Bxf6 Bxf6 16. e5 Bg5 17. Kh1 Ng6 18.
Ne4 Be7 19. Nc5 Bxc5 20. Qxc5 Bxa2 21. Ng3 Bd5 22. Nf5 Nh4 23. Ne3 Qg5 24. Qc2 Ng6 25.
Nxd5 cxd5 26. g3 Qg4 27. Qf2 Qd7 28. Bf5 Qe7 29. e6 f6 30. Bxg6 hxg6 31. Re2 Qd6 32. Rfe1 Re7 33. Qf3 Rae8 34. Qg4 g5 35. Qf5 Rc8 36.
Kg2 Rc4 37. b3 Rxd4 38. Rc1 Re8 39. Qg6 Qf8 40. Rc7 Re7 41. Rec2 Rc4 42. bxc4 Rxc7 43. cxd5 Rxc2+ 44. Qxc2 Qd6 45. Qc8+ Kh7 46. Qd7 Qe5 47. Kf3 Qc3+ 48. Ke4 Qc4+ 49. Ke3 Qc3+ 50. Ke4 Qc4+ 51. Kf3 Qd3+ 52. Kf2 Qd2+ 53. Kf3 Qd3+ 54. Kf2 Qd2+ 55.
Kf1 Qd1+ 56. Kf2 Qd2+ 1/2-1/2

[Event "*** Titled Tuesday Blitz"]
[Site "Chess.com"]
[Date "2019.10.01"]
[Round "6"]
[White "Zubrrr"]
[Black "platy3"]
[Result "1/2-1/2"]
[WhiteElo "2706"]
[BlackElo "2839"]
[TimeControl "180+2"]
[EndTime "14:27:18 PDT"]
[Termination "Game drawn - insufficient material"]

1. c4 c5 2. g3 g6 3. Bg2 Nc6 4.
Nc3 Bg7 5. Nf3 d6 6. O-O Rb8 7. e3 Nf6 8. d4 O-O 9. b3 cxd4 10. Nxd4 Nxd4 11. exd4 a6 12. a4 Be6 13. Re1 d5 14.
Bf4 Rc8 15. Rc1 dxc4 16. Bxb7 Rb8 17. Bxb8 Qxb8 18. Bxa6 cxb3 19. Rxe6 fxe6 20. Bb5 b2 21. Rb1 e5 22. Rxb2 Kh8 23. Re2 Ng4 24. dxe5 Nxe5 25.
Ne4 Nf3+ 26. Kg2 Nd4 27. Re3 Nxb5 28. axb5 Qxb5 29. Qe2 Qc6 30. Rf3 Rf5 31. g4 Rxf3 32. Qxf3 h6 33. Ng3 Qd7 34. Qe4 Qd6 35. h4 Be5 36.
Nf1 Qf6 37. Ne3 Bd6 38. h5 gxh5 39. gxh5 Bf4 40. Ng4 Qg5 41. Qg6 Qxg6 42. hxg6 Kg7 43. Kf3 Bd6 44. Ne3 Kxg6 45. Kg4 h5+ 46. Kh4 Bf4 47. Nd5 Bg5+ 48. Kg3 e6 49. Nc7 Kf5 50. Nxe6 Kxe6 51. f4 Bf6 52. f5+ Kxf5 53. Kh2 h4 54.
Kh1 h3 55. Kh2 Be5+ 56. Kxh3 1/2-1/2

[Event "*** Titled Tuesday Blitz"]
[Site "Chess.com"]
[Date "2019.10.01"]
[Round "6"]
[White "1stSecond"]
[Black "I-Mesquita"]
[Result "1-0"]
[WhiteElo "2855"]
[BlackElo "2657"]
[TimeControl "180+2"]
[EndTime "14:27:20 PDT"]
[Termination "1stSecond won by checkmate"]

1. d4 Nf6 2. c4 e6 3. Nf3 Bb4+ 4.
Nbd2 a5 5. g3 O-O 6. Bg2 d5 7.
O-O b6 8. cxd5 exd5 9. Ne5 Bb7 10. Ndf3 Ne4 11. Qc2 Bd6 12. Bf4 Nd7 13. Nc6 Bxc6 14.
Bxd6 cxd6 15. Qxc6 Ndf6 16. Bh3 Qe8 17. Rfc1 Qe7 18. a4 Rfe8 19. Rc2 Rab8 20. Ra3 h6 21. Rb3 g5 22. Bf5 Kg7 23. Rxb6 Rxb6 24. Qxb6 g4 25. Nh4 Qd8 26. Qxd8 Rxd8 27. Bxe4 Nxe4 28. Nf5+ Kh7 29.
Ne3 Nf6 30. Rc7 Kg6 31. Rb7 Rc8 32. Rb5 Rc1+ 33. Kg2 h5 34. Rxa5 Ne4 35. Nxd5 Ng5 36. Nf4+ Kh6 37. Rf5 Rc2 38. b4 Ra2 39. a5 Ra4 40.
Rb5 Ne4 41. Rxh5+ Kg7 42. Rb5 Nc3 43. Rb7 Na2 44. Nd5 Ra3 45. h3 gxh3+ 46. Kxh3 Nc1 47. e4 Nd3 48. Kg2 Ra2 49. Kf3 Ne1+ 50. Ke3 Ng2+ 51. Kd3 Ne1+ 52. Kc4 Nc2 53. Nc3 Ra3 54.
Nb5 Rf3 55. Nxd6 Rxf2 56. a6 Ne3+ 57. Kc5 Rc2+ 58. Kb5 Ra2 59. a7 Nc2 60. Rxf7+ Kg6 61. Kc5 Ra3 62. b5 Rc3+ 63. Kb6 Ra3 64. Rf8 Nxd4 65. a8=Q Rd3 66. Qe8+ Kg5 67. Qe7+ Kg4 68. Qh4# 1-0

[Event "*** Titled Tuesday Blitz"]
[Site "Chess.com"]
[Date "2019.10.01"]
[Round "6"]
[White "joppie2"]
[Black "Korchmar_Vasiliy"]
[Result "1-0"]
[WhiteElo "2859"]
[BlackElo "2681"]
[TimeControl "180+2"]
[EndTime "14:27:42 PDT"]
[Termination "joppie2 won on time"]

1. e4 c5 2. Nf3 d6 3. Nc3 Nc6 4.
d4 cxd4 5. Nxd4 Nf6 6. Nd5 Nxd5 7. exd5 Qa5+ 8. Bd2 Qxd5 9. Nb5 Qe6+ 10. Be2 Qd7 11.
c4 e6 12. Bf4 e5 13. Be3 Be7 14. O-O O-O 15. Qd2 f5 16. f3 a6 17. Nc3 Qd8 18. Nd5 Be6 19. Bb6 Qd7 20. Rad1 Bd8 21. Bf2 Kh8 22. b4 Rc8 23. Nb6 Bxb6 24. Bxb6 Qf7 25. Rc1 d5 26. b5 axb5 27. cxb5 Ne7 28. f4 Ng6 29. fxe5 Nxe5 30. Bd4 Rxc1 31. Rxc1 Nc4 32.
Qf4 Bd7 33. Rc3 Re8 34. Bxc4 dxc4 35. Rg3 Rg8 36. h4 Bxb5 37. Qe5 Bc6 38. Qf4 b5 39. a3 Bd5 40. Rg5 Be4 41. h5 h6 42. Rg6 Kh7 43. Qe5 Qd7 44. Rd6 Qf7 45. Rg6 Qd7 46. Kh2 Bd3 47. Qf4 Be4 48. Be5 Qf7 49. Qg3 Qe7 50. Qf4 Qf7 51. Bc3 Qd7 52. Qe5 Bd3 53. Qf4 Be4 54. Bb2 Qf7 55. Bd4 Qd7 56. Be3 Rc8 57. Qg3 c3 58. Bf4 c2 59. Rxh6+ Kg8 60. Rg6 c1=Q 61. Bxc1 Rxc1 62. h6 Rc2 63. Rxg7+ 1-0

[Event "*** Titled Tuesday Blitz"]
[Site "Chess.com"]
[Date "2019.10.01"]
[Round "6"]
[White "Witik"]
[Black "valeriocarnicelli"]
[Result "1-0"]
[WhiteElo "2646"]
[BlackElo "2491"]
[TimeControl "180+2"]
[EndTime "14:27:43 PDT"]
[Termination "Witik won by resignation"]

1. d4 Nf6 2. Bf4 d6 3. Nf3 g6 4. Nc3 Bg7 5. e4 O-O 6. h3 Nbd7 7. Bh2 c5 8. e5 Ne8 9. dxc5 dxe5 10. Nxe5 Nef6 11.
Nd3 e5 12. Be2 e4 13. Ne5 e3 14. fxe3 Re8 15. O-O Nxc5 16. Qxd8 Rxd8 17. Bc4 Be6 18. Bxe6 Nxe6 19. Rad1 a6 20. a4 Kf8 21. Nc4 Rxd1 22. Rxd1 Kg8 23. Be5 Nc5 24. a5 Re8 25. Nd5 Nfe4 26.
Bxg7 Kxg7 27. Ndb6 Re6 28. b4 Nc3 29. Rd7 Nxd7 30.
Nxd7 Re4 31. Ndb6 Nb5 32. Kf2 f5 33. Ke2 h5 34. Kd3 h4 35. Nd5 Re8 36. Ncb6 g5 37. c4 Nd6 38. Nc7 Re7 39. Ncd5 Re5 40. Nd7 Re8 41. N7b6 Nf7 42. Kd4 g4 43. Nf4 Ng5 44. Nbd5 Re4+ 45. Kc5 Kh6 46. Kb6 Ne6 47. Kxb7 Nxf4 48.
exf4 g3 49. c5 Rd4 50. c6 Rxd5 51. c7 Rd7 52. Kb8 Rd4 53. c8=Q Rxb4+ 54. Ka7 Rxf4 55.
Qxa6+ Kg5 56. Qb7 Rf2 57. a6 f4 58. Kb8 f3 59. Qd5+ Kf4 60. Qd4+ Kf5 61. gxf3 Rxf3 62.
a7 Rf4 63. Qd5+ Kg6 64. a8=Q Rf8+ 65. Ka7 1-0

[Event "*** Titled Tuesday Blitz"]
[Site "Chess.com"]
[Date "2019.10.01"]
[Round "6"]
[White "LornerAcosta"]
[Black "riconaipe"]
[Result "1/2-1/2"]
[WhiteElo "2493"]
[BlackElo "2615"]
[TimeControl "180+2"]
[EndTime "14:27:59 PDT"]
[Termination "Game drawn by repetition"]

1. Nf3 d5 2. d4 Nf6 3. e3 c6 4.
c4 Bg4 5. h3 Bxf3 6. Qxf3 e6 7.
Bd3 Nbd7 8. O-O Bd6 9. Nc3 dxc4 10.
Bxc4 e5 11. Rd1 O-O 12. Bb3 exd4 13. Rxd4 Qc7 14. Rd1 Rad8 15. Bd2 Nc5 16. Bc2 Rfe8 17. Rac1 Qe7 18. Be1 Be5 19. Rxd8 Rxd8 20. Rd1 g6 21. Qe2 h5 22. Qc4 Rxd1 23. Bxd1 Nfd7 24. Bc2 Kg7 25.
b4 Ne6 26. a4 Bd6 27. b5 Ne5 28. Qe2 Nc5 29. Bd2 Qe6 30. bxc6 bxc6 31. e4 Nc4 32. Bc1 Be5 33. Nd1 Bd4 34. Kh2 h4 35.
f4 Nd6 36. e5 Nf5 37. Ne3 Ng3 38. Qd1 Bxe3 39. Bxe3 Nce4 40. Bxe4 Nxe4 41. Qb1 Qd5 42. Qb2 Ng3 43. e6+ f6 44. e7 Kf7 45. Bf2 Ne4 46.
Bxa7 Kxe7 47. Be3 Ng3 48. Qc1 Kf7 49. Bc5 Qd3 50. a5 Nf1+ 51. Kg1 Ng3 52. Kh2 Nf1+ 53. Kg1 Nd2 54. Bf2 Ne4 55. Bxh4 Qd4+ 56. Bf2 Qxf2+ 57. Kh2 Qg3+ 58. Kg1 Qf2+ 59. Kh2 Qc5 60. Qb1 f5 61. a6 Qd6 62. Qa2+ Kg7 63. Qa1+ Kh6 64. a7 Qxf4+ 65. Kg1 Qf2+ 66. Kh2 Qg3+ 67. Kg1 Qf2+ 68.
Kh2 Qg3+ 69. Kg1 Qf2+ 1/2-1/2

[Event "*** Titled Tuesday Blitz"]
[Site "Chess.com"]
[Date "2019.10.01"]
[Round "6"]
[White "Rsnr"]
[Black "Sanan_Sjugirov"]
[Result "0-1"]
[WhiteElo "2765"]
[BlackElo "2951"]
[TimeControl "180+2"]
[EndTime "14:28:03 PDT"]
[Termination "Sanan_Sjugirov won by resignation"]

1. d4 Nf6 2. c4 e6 3. Nf3 b6 4.
a3 Bb7 5. Nc3 d5 6. Bg5 Be7 7.
Qa4+ Nbd7 8. Bxf6 Bxf6 9. cxd5 exd5 10. g3 O-O 11. Bh3 Nb8 12. O-O Re8 13. Rfd1 c6 14.
Rac1 Na6 15. e3 Nc7 16. Ne2 Ne6 17. Bg2 a5 18. Qc2 Rc8 19. Nf4 Nxf4 20. gxf4 c5 21. dxc5 bxc5 22. b3 Qb6 23. Nd2 g6 24. Qd3 Qe6 25.
Qb5 Ba8 26. Rxc5 Rxc5 27. Qxc5 d4 28. e4 Qg4 29. Qc1 Qxf4 30. Nc4 Qh4 31. f3 Bg5 32. Qc2 Bf4 33. Bf1 Rd8 34. Qf2 Qf6 35. Bd3 Bc6 36.
Kh1 a4 37. b4 Bb5 38. Nb2 Be3 39. Qg3 Bd7 40. b5 Rc8 41. Nxa4 Bf4 42. Qf2 Kg7 43.
Rb1 Be3 44. Qg3 h5 45. Qg2 h4 46. Nb2 Be6 47. b6 Ba2 48. Ra1 Bb3 49. b7 Rb8 50. Nc4 Rxb7 51. Nxe3 dxe3 52. Re1 Be6 53. Qe2 Rb3 54.
a4 Qd4 55. Rd1 Rb2 56. Qf1 Qe5 57. f4 Qh5 58. Re1 h3 59. Rxe3 Qc5 60. Re2 Rb3 61. Rd2 Qe3 62. Rd1 Bg4 63. Be2 0-1

[Event "*** Titled Tuesday Blitz"]
[Site "Chess.com"]
[Date "2019.10.01"]
[Round "6"]
[White "Sashadav97"]
[Black "Siemba"]
[Result "1-0"]
[WhiteElo "2525"]
[BlackElo "2244"]
[TimeControl "180+2"]
[EndTime "14:28:18 PDT"]
[Termination "Sashadav97 won by resignation"]

1. d4 Nf6 2. c4 g6 3. Nc3 Bg7 4. e4 d6 5. Nf3 O-O 6. Be2 e5 7. d5 Nbd7 8. Bg5 h6 9. Be3 Ng4 10. Bd2 f5 11. h3 Ngf6 12. exf5 gxf5 13. O-O Nc5 14. b4 Nce4 15. Nxe4 Nxe4 16. Rc1 f4 17. Bd3 Ng5 18. Nxg5 Qxg5 19. Qf3 Bf5 20. Bxf5 Qxf5 21. Rfe1 Rae8 22. Re4 c6 23. Rf1 Kh8 24. g4 Qf6 25. Qd3 f3 26. Kh2 Qf7 27. Rg1 b5 28. g5 bxc4 29.
Rxc4 cxd5 30. Rh4 e4 31. Qe3 d4 32. g6 dxe3 33. gxf7 exf2 34. fxe8=Q fxg1=Q+ 35. Kxg1 Rxe8 36. Kf2 Bd4+ 37. Kf1 Bf6 38. Rg4 e3 39. Be1 e2+ 40. Kf2 d5 41. Kxf3 Bg5 42. Rg2 Re3+ 43. Kg4 Re4+ 44.
Kf3 Re3+ 45. Kg4 d4 46. h4 Re4+ 47. Kf5 Rf4+ 48. Ke5 Bxh4 49. Kxf4 Bxe1 50. Rxe2 Bxb4 51. Ke4 Bc3 52. Rg2 a5 53. a4 Kh7 54. Rg3 Bb2 55. Kf5 h5 56. Rg2 Bc3 57. Ke6 d3 58. Kf5 d2 59.
Rg1 Bb4 60. Kg5 Bc5 61. Rd1 Be3+ 62. Kxh5 Kg7 63. Kg4 Kf6 64. Kf3 Bh6 65. Ke2 Ke5 66. Rb1 Kd4 67. Rb6 Bf4 68. Rb5 Kc3 69. Rxa5 Kb4 70.
Rf5 Bc7 71. Rf7 Bd6 72. Rd7 Bc5 73. Rd5 Ba7 74. a5 Bc5 75. a6 Bb6 76. Kxd2 1-0

[Event "*** Titled Tuesday Blitz"]
[Site "Chess.com"]
[Date "2019.10.01"]
[Round "6"]
[White "Vuk2000"]
[Black "Roman_Ovetchkin"]
[Result "1-0"]
[WhiteElo "2809"]
[BlackElo "2655"]
[TimeControl "180+2"]
[EndTime "14:29:01 PDT"]
[Termination "Vuk2000 won on time"]

1. e4 c6 2. d4 d5 3. Nd2 dxe4 4. Nxe4 Nf6 5. Nxf6+ exf6 6. c3 Bd6 7. Bd3 O-O 8.
Qc2 Re8+ 9. Ne2 h5 10. O-O Nd7 11. Be3 Nf8 12. Qd2 h4 13. h3 Ng6 14. Nf4 Ne7 15.
Ne2 Nd5 16. Rae1 Nxe3 17. fxe3 Qe7 18. Nf4 f5 19. Qe2 Qg5 20. Bc4 Re7 21. Rf3 Bd7 22. Qf2 Rae8 23. Kh1 b5 24. Bb3 c5 25. Bd5 cxd4 26.
cxd4 Kf8 27. Rg1 Qh6 28. Qd2 Bxf4 29. exf4 Qd6 30. Bb3 Re2 31. Qc3 b4 32. Qd3 g6 33.
Bc4 Kg7 34. d5 Rxb2 35. Qd4+ Qf6 36. Qxa7 Re7 37. Qc5 Be8 38. d6 Re4 39. Rd3 Bd7 40. Bb5 Qd8 41. Bxd7 Qxd7 42. Rd4 Ree2 43. Rd3 Rxa2 44.
Qxb4 Reb2 45. Qc3+ Kh7 46. Qf6 Rd2 47. Qxh4+ Kg7 48.
Qg3 Re2 49. Rd5 Rec2 50. Qd3 Kh7 51. Re5 Rd2 52. Re7 Rxd3 53. Rxd7 Kg7 54. Re1 Rdd2 55.
Ree7 Rxg2 56. Rxf7+ Kg8 57. Rg7+ Kh8 58. Rh7+ Kg8 59.
Rdg7+ Kf8 60. Re7 Rh2+ 61. Kg1 Kg8 62. Rhg7+ Kh8 63. Rxg6 Rhd2 64. Kh1 Rh2+ 65. Kg1 Rhd2 66. Kf1 Rd1+ 67. Re1 Rdd2 68. Kg1 Kh7 69. Rg5 Rxd6 70. Rxf5 Rdd2 71. Rg5 Rh2 72. Rg3 Rhd2 73. f5 Rf2 74. Re4 1-0

[Event "*** Titled Tuesday Blitz"]
[Site "Chess.com"]
[Date "2019.10.01"]
[Round "6"]
[White "Grischuk"]
[Black "Tjktiger"]
[Result "0-1"]
[WhiteElo "3029"]
[BlackElo "2824"]
[TimeControl "180+2"]
[EndTime "14:29:17 PDT"]
[Termination "Tjktiger won by resignation"]

1. e4 d5 2. exd5 Qxd5 3. Nc3 Qd6 4. d4 Nf6 5. Nf3 g6 6. Bg5 Bg7 7. Qd2 O-O 8. O-O-O Rd8 9. Bc4 Nc6 10. Bf4 Qb4 11.
Bb3 Bg4 12. Bxc7 Bxf3 13. gxf3 Rxd4 14. Qe3 e6 15. a3 Qc5 16. Kb1 Ne8 17. Bg3 Nd6 18.
Bxd6 Qxd6 19. Ka2 a6 20. Ne4 Qe5 21. c3 Rdd8 22. f4 Qc7 23. Ng5 Re8 24. h4 Na5 25.
h5 Nxb3 26. Kxb3 Rac8 27. Kc2 Qc4 28. Rd3 Red8 29. hxg6 hxg6 30. Rhd1 Qa4+ 31. Kb1 Rxd3 32. Rxd3 Qb5 33. Ka1 Bf6 34. Qd2 Bxg5 35. fxg5 Kg7 36.
Rf3 Rc5 37. Qd4+ e5 38. Qd1 Rd5 39. Qe1 e4 40. Rh3 Rxg5 41. Rh1 Qd3 42. Qc1 Rf5 43. Qh6+ Kf6 44. Qh8+ Ke7 45. Qb8 Qd7 46. c4 Rc5 47.
Rh8 Kf6 48. Qf4+ Rf5 49. Qh4+ Ke5 50. Qg3+ Kf6 51. Qc3+ Ke7 52. Qe3 Qd3 53. Qe1 Qxc4 54. Qd1 Rd5 55. Qe1 Qd4 56. Rh1 a5 57. Qe2 Qd3 58. Qg4 Qf3 59. Qh4+ Ke6 60. Ka2 a4 61. Rh3 Qf5 62. Qh8 Ke7 63. Rc3 Qe6 64. Kb1 Rd1+ 65. Kc2 Rd7 66. Qh4+ f6 67. Qh7+ Qf7 68. Qh4 Qd5 69. Qh7+ Ke6 70. Qh1 Qd2+ 71. Kb1 Qd1+ 72.
Qxd1 Rxd1+ 0-1